 Dungeon Crawl Stone Soup version 0.23.0-3-gf3c87f2 (webtiles) character file.

Game seed: 15647487573650485563

230 elfaar the Vandal (level 6, -4/41 HPs)
             Began as a Halfling Hunter on Feb 22, 2019.
             Killed from afar by an electric eel (5 damage)
             ... with a bolt of electricity
             ... on level 3 of the Dungeon.
             The game lasted 00:19:43 (2048 turns).

elfaar the Vandal (Halfling Hunter)                 Turns: 2048, Time: 00:19:43

Health: -4/41      AC:  5    Str: 14    XL:     6   Next: 24%
Magic:  6/6        EV: 15    Int:  9    God:
Gold:   112        SH:  0    Dex: 16    Spells: 5/5 levels left

rFire    . . .     SeeInvis +   b - +0 short sword
rCold    . . .     Gourm    .   (shield restricted)
rNeg     + . .     Faith    .   c - +0 leather armour
rPois    .         Spirit   .   u - +0 helmet
rElec    .         Reflect  .   v - +0 cloak
rCorr    .         Harm     .   (no gloves)
MR       .....                  (no boots)
Stlth    ++........             (no amulet)
HPRegen  0.13/turn              r - ring of see invisible
MPRegen  0.10/turn              k - ring of positive energy

@: no status effects
A: small, mutation resistance 1
a: no special abilities


You were on level 3 of the Dungeon.
You were not hungry.

You visited 1 branch of the dungeon, and saw 3 of its levels.

You collected 112 gold pieces.

Inventory:

Hand Weapons
 a - a +1 hunting sling
 b - a +0 short sword (weapon)
Missiles
 d - 12 sling bullets
 e - 73 stones (quivered)
 l - 48 bolts
Armour
 c - a +0 leather armour (worn)
 u - a +0 helmet (worn)
 v - a +0 cloak (worn)
Jewellery
 k - a ring of positive energy (right hand)
 r - a ring of see invisible (left hand)
Wands
 y - a wand of flame (5)
Scrolls
 h - a scroll of remove curse
 j - a scroll of fear {unknown}
 m - 2 scrolls of fog
 o - a scroll of noise {unknown}
 q - a scroll of immolation {unknown}
 s - a scroll of enchant armour {unknown}
 t - 2 scrolls of teleportation {unknown}
 w - 3 scrolls of identify
Potions
 g - 2 potions of lignification
 i - a potion of brilliance
 n - a potion of heal wounds {unknown}
 p - a potion of agility {unknown}
 x - a potion of magic {unknown}
Comestibles
 f - 6 rations


   Skills:
 + Level 2.4 Fighting
 + Level 2.7 Short Blades
 + Level 7.9 Slings
 + Level 1.7 Armour
 + Level 3.1 Dodging
 + Level 1.3 Stealth


You had 5 spell levels left.
You didn't know any spells.
Your spell library was empty.

Dungeon Overview and Level Annotations

Branches:
Dungeon (3/15)

Altars:

Annotations:
D:3 1 transporter


Innate Abilities, Weirdness & Mutations

You are small and have problems with some larger weapons.
You are somewhat resistant to further mutation.


Message History

y - a wand of flame (6)
You open the door.
Evoke which item? (* to show all) (? for menu, Esc to quit)
Aiming: Throw Flame
Press: ? - help, Shift-Dir - straight line, f - electric eel
Aim: an electric eel The puff of flame misses the electric eel.
The electric eel is engulfed in a cloud of scalding steam.
The electric eel shoots out a bolt of lightning at you!
The bolt of electricity hits you! The bolt of electricity misses you.
The electric eel shoots out a bolt of lightning at you!
The bolt of electricity hits you! The bolt of electricity hits you.
The bolt of electricity hits the plant!
There is an open door here.
The electric eel is engulfed in a cloud of scalding steam.
The electric eel shoots out a bolt of lightning at you!
The bolt of electricity hits you!
* * * LOW HITPOINT WARNING * * *
The bolt of electricity hits you.
You die...

#.# #.# #.# # #.# #.# #.# .# #.#
#.# #.# .# #.#######.#######.##.#
#..................... #
#..###############..#. #
#..#8P#;≈≈≈≈≈≈#P8#.## #
##..#..#.......#..#..## #
#..©#©@'...♣...+)©#©..# #
#...#..#.§§§...#..#.... #
#...#8P#;;§≈≈≈≈#P8#.#.# ######
##..###############.#.#
##...#######..................#..
.#..<......<.####################
..)...#.###### ......##.# ..###.#
#.#


You could see 3 electric eels.

Vanquished Creatures
  Sigmund (D:3)
  Jessica (D:2)
  An adder (D:2)
  A worm (D:2)
  2 dart slugs (D:1)
  A leopard gecko (D:2)
  An orc (D:3)
  2 giant cockroaches
  10 goblins
  A hobgoblin (D:2)
  2 jackals (D:2)
  5 kobolds
  A quokka (D:2)
  A ball python (D:2)
  4 bats
  2 frilled lizards (D:2)
  2 rats (D:2)
38 creatures vanquished.

Notes
Turn   | Place    | Note
-------+----------+-------------------------------------------
     0 | D:1      | elfaar the Halfling Hunter began the quest for the Orb.
     0 | D:1      | Reached XP level 1. HP: 14/14 MP: 1/1
    30 | D:1      | Reached skill level 6 in Slings
   165 | D:1      | Reached XP level 2. HP: 19/19 MP: 2/2
   452 | D:2      | Reached skill level 7 in Slings
   452 | D:2      | Reached XP level 3. HP: 24/24 MP: 3/3
   468 | D:2      | Noticed Jessica
   482 | D:2      | Killed Jessica
   482 | D:2      | Reached XP level 4. HP: 19/29 MP: 4/4
   986 | D:3      | Found a transporter.
   990 | D:3      | Noticed Sigmund
  1698 | D:3      | Killed Sigmund
  1698 | D:3      | Reached skill level 1 in Armour
  1698 | D:3      | Reached XP level 5. HP: 6/35 MP: 5/5
  1698 | D:3      | Reached XP level 6. HP: 8/41 MP: 6/6
  1989 | D:3      | Found a transporter.
  2048 | D:3      | HP: 1/41 [electric eel/bolt of electricity (12)]
  2048 | D:3      | Killed from afar by an electric eel

Skill      XL: |  1  2  3  4 |
---------------+-------------+-----
Slings         | 6 7 |  7.9
Fighting       | 2 |  2.4
Short Blades   | 2 |  2.7
Armour         | 1 |  1.7
Dodging        | 3 |  3.1
Stealth        | |  1.3

Action                   |  1- 3 |  4- 6 || total
-------------------------+-------+-------++-------
Melee: Short sword       |    21 |   106 ||   127
 Fire: Hunting sling     |    28 |    31 ||    59
Evoke: Wand              |       |     1 ||     1
  Use: Scroll            |     3 |     2 ||     5
       Potion            |     1 |     1 ||     2
  Eat: Chunk             |       |     2 ||     2
       Ration            |       |     1 ||     1
Armor: Leather armour    |     3 |    22 ||    25
       Skin              |     3 |       ||     3
Dodge: Dodged            |    15 |   119 ||   134
